 Dungeon Crawl Stone Soup version 0.32-a0-675-gdc239d62e1 (webtiles) character file.

Game seed: 8725627903345493146

11097 zenocrate the Conjurer (level 11, -1/90 HPs)
             Began as a Demigod Earth Elementalist on Mar 12, 2024.
             Succumbed to a water moccasin's poison
             ... on level 2 of the Lair of Beasts.
             The game lasted 00:24:19 (14838 turns).

zenocrate the Conjurer (DgEE)                      Turns: 14838, Time: 00:24:19

Health: -1/90      AC:  7    Str: 15    XL:     11   Next: 21%
Magic:  14/25      EV: 12    Int: 32    God:
Gold:   313        SH:  0    Dex: 14    Spells: 6/23 levels left

rFire   + . .        a - +1 quarterstaff
rCold   + . .        (shield currently unavailable)
rNeg    . . .        B - +1 robe {Will+}
rPois   .            s - +1 helmet {Int+3}
rElec   .            A - scarf {rC+ rF+}
rCorr   .            d - +0 pair of gloves
SInv    +            (no boots)
Will    ++...        b - amulet of guardian spirit
Stlth   +++          u - +6 ring of strength
HPRegen 0.35/turn    C - ring of see invisible
MPRegen 0.19/turn

%: guardian spirit
@: mighty, lethally poisoned (-1 -> -12)
A: high MP 1, forlorn, divine attributes, hooves 1, shaggy fur 1
a: no special abilities


You were on level 2 of the Lair of Beasts.
You visited 3 branches of the dungeon, and saw 13 of its levels.

You collected 679 gold pieces.
You spent 366 gold pieces at shops.

Inventory:

Hand Weapons
 a - a +1 quarterstaff (weapon)
Missiles
 l - 2 throwing nets
Armour
 d - a +0 pair of gloves (worn)
 i - a +0 buckler
 s - a +1 helmet of intelligence (worn)
 w - a +0 helmet of see invisible
 A - a scarf of resistance (worn)
 B - a +1 robe of willpower (worn)
Jewellery
 b - an amulet of guardian spirit (around neck)
 g - an amulet of magic regeneration
 u - a +6 ring of strength (left hand)
 C - a ring of see invisible (right hand)
Wands
 z - a wand of digging (7)
Scrolls
 j - a scroll of immolation
 p - a scroll of amnesia {unknown}
 q - 3 scrolls of poison
 x - a scroll of acquirement {unknown}
 y - a scroll of noise {unknown}
 E - a scroll of brand weapon {unknown}
 H - a scroll of revelation {unknown}
Potions
 e - a potion of brilliance
 f - a potion of ambrosia
 h - a potion of berserk rage {unknown}
 k - 4 potions of enlightenment
 m - 2 potions of attraction
 n - 2 potions of mutation
 r - a potion of haste {unknown}
 t - a potion of lignification {unknown}
 v - a potion of might
 F - a potion of resistance {unknown}
 G - a potion of invisibility {unknown}


   Skills:
 + Level 6.3 Fighting
 - Level 2.1 Armour
 - Level 1.7 Dodging
 - Level 4.1 Stealth
 + Level 6.8 Spellcasting
 - Level 7.0 Conjurations
 - Level 3.2 Hexes
 - Level 6.1 Summonings
 - Level 3.6 Translocations
 - Level 6.9 Earth Magic
 - Level 3.7 Evocations


You had 6 spell levels left.
You knew the following spells:

 Your Spells              Type           Power      Damage    Failure   Level
a - Stone Arrow           Conj/Erth      100%       3d13      1%          3
b - Sandblast             Erth           100%       2d20      1%          1
c - Summon Mana Viper     Hex/Summ       40%        N/A       17%         5
d - Summon Forest         Summ/Tloc      21%        N/A       16%         5
z - Passwall              Erth           53%        N/A       1%          3

Your spell library contained the following spells:

 Spells                   Type           Power      Damage    Failure   Level
 Magic Dart               Conj           100%       1d8       1%          1
 Lesser Beckoning         Tloc           68%        N/A       1%          2
 Searing Ray              Conj           100%       2d8       1%          2
 Gell's Gravitas          Tloc           34%        N/A       2%          3
 Teleport Other           Tloc           34%        N/A       2%          3
 Brom's Barrelling Bould  Conj/Erth      53%        2d7       2%          4
 Fulminant Prism          Conj/Alch      16%        3d10      10%         4
 Petrify                  Alch/Erth      33%        N/A       10%         4
 Summon Cactus Giant      Summ           24%        N/A       47%         6


Dungeon Overview and Level Annotations

Branches:
Dungeon (10/15)            Temple (1/1) D:6            Lair (2/5) D:10
 Shoals (0/4) Lair:2
  Snake: Lair:2-3    Spider: Lair:2-3       Orc: D:9-12

Shops:
D:6 =[*   D:9 (

Annotations:
D:3 2 transporters, Aldia's ghost, weakling OnWr
D:5 1 runed translucent door, pokeman's ghost, novice DEHW
D:9 3 runed translucent doors, gimp's ghost, journeyman OnAE


Innate Abilities, Weirdness & Mutations

You have an increased reservoir of magic. (+10% MP)
You shall have no god before yourself.
Your divine heritage dramatically boosts your attributes as you level up.
You have large cloven feet.
You are covered in fur. (AC +1)


Message History

You miss the water moccasin. Your kick misses the water moccasin.
The water moccasin is heavily wounded.
The water moccasin closely misses you.
Unknown command.
Unknown command.
Okay, then.
You are confused.
You feel invigorated. The water moccasin closely misses you.
The water moccasin bites you.
* * * LOW HITPOINT WARNING * * *
You are lethally poisoned!
The water moccasin poisons you!
You're too confused to cast spells.
Unknown command.
You barely miss the water moccasin. Your kick misses the water moccasin.
The water moccasin is heavily wounded.
* * * LOW HITPOINT WARNING * * *
You feel very sick.
The water moccasin bites you but does no damage.
The water moccasin bites you.
* * * LOW HITPOINT WARNING * * *
You are more poisoned.
The water moccasin poisons you!
You bump into the rock wall.
You feel less invigorated.
You feel less confused.
* * * LOW HITPOINT WARNING * * *
You feel very sick. The water moccasin misses you.
Unknown command.
Unknown command.
You closely miss the water moccasin. Your kick misses the water moccasin.
The water moccasin is heavily wounded.
* * * LOW HITPOINT WARNING * * *
You feel very sick.
The water moccasin bites you but does no damage.
The water moccasin misses you.
Unknown command.
You miss the water moccasin. Your kick misses the water moccasin.
The water moccasin is heavily wounded.
You die...

#.......P#
#..?....## ..
##......## ....
#........###....#
##..............#
#Y..............
#YY##.##.####...
#S######## # #@#
#..# #.## ... #.#
... ... #..


You could see 3 yaks and a water moccasin.

Vanquished Creatures
  A two-headed ogre (D:8)
  Urug (Lair:1)
  5 cane toads (Lair:1)
  Jeremiah (Lair:1)
  3 komodo dragons
  An ice devil (D:9)
  A hellwing (D:9)
  Grinder (D:3)
  A blink frog (Lair:2)
  Sigmund (D:3)
  7 yaks
  2 wyverns (Lair:1)
  2 vampire mosquitoes (D:10)
  A chaos spawn (D:9)
  2 water moccasins
  2 sky beasts (D:7)
  An ice beast (D:5)
  An ogre (D:5)
  4 wolves (Lair:2)
  2 centaurs (D:9)
  2 kobold brigands
  A gnoll sergeant (D:9)
  18 wights
  8 killer bees
  An electric eel (D:6)
  5 howler monkeys
  3 bombardier beetles (D:6)
  A quasit (D:9)
  3 hounds
  2 orc priests
  A jelly (D:4)
  4 iguanas
  A sleepcap (D:6)
  Terence (D:2)
  An orc wizard (D:9)
  Robin (D:2)
  3 gnolls (D:2)
  9 adders
  3 white imps
  An ufetubus (D:9)
  4 ribbon worms (D:2)
  3 dart slugs
  26 orcs
  2 bats (D:2)
  4 endoplasms
  2 giant cockroaches
  16 goblins
  9 hobgoblins
  A quokka (D:4)
  8 ball pythons
  2 frilled lizards (D:3)
  16 kobolds
  6 rats
208 creatures vanquished.

Vanquished Creatures (collateral kills)
  Erica (Lair:2)
  A cane toad (Lair:1)
  A rime drake (Lair:2)
  A wolf (Lair:2)
  A bullfrog (Lair:2)
5 creatures vanquished.

Grand Total: 213 creatures vanquished

Notes
Turn   | Place    | Note
-------+----------+-------------------------------------------
     0 | D:1      | zenocrate the Demigod Earth Elementalist began the quest
                  | for the Orb.
     0 | D:1      | Reached XP level 1. HP: 14/14 MP: 5/5
   105 | D:1      | Reached skill level 1 in Conjurations
   459 | D:1      | Reached XP level 2. HP: 20/20 MP: 4/7
  1073 | D:2      | Reached XP level 3. HP: 26/26 MP: 6/9
  1077 | D:2      | Learned a level 3 spell: Stone Arrow
  1180 | D:2      | Noticed Terence
  1199 | D:2      | Killed Terence
  1200 | D:2      | Reached skill level 2 in Conjurations
  1200 | D:2      | Reached XP level 4. HP: 15/34 MP: 4/10
  1416 | D:2      | Reached skill level 1 in Fighting
  1740 | D:2      | Noticed Robin
  1894 | D:2      | Killed Robin
  2153 | D:2      | Reached XP level 5. HP: 40/40 MP: 8/12
  2416 | D:2      | Learned a level 3 spell: Passwall
  2417 | D:3      | Noticed Sigmund
  2423 | D:3      | Killed Sigmund
  2424 | D:3      | Reached XP level 6. HP: 42/48 MP: 3/14
  2556 | D:3      | Found a transporter.
  2557 | D:3      | Noticed Aldia's ghost (weakling OnWr)
  2559 | D:3      | Reached skill level 3 in Conjurations
  2582 | D:3      | Found a transporter.
  2657 | D:3      | Noticed Grinder
  2661 | D:3      | Paralysed by Grinder for 4 turns
  2666 | D:3      | Killed Grinder
  4156 | D:4      | Reached XP level 7. HP: 57/57 MP: 2/16
  4612 | D:5      | Entered Level 5 of the Dungeon
  4927 | D:5      | Found a runed translucent door.
  4931 | D:5      | Noticed pokeman's ghost (novice DEHW)
  5022 | D:5      | Reached skill level 4 in Conjurations
  5707 | D:6      | Reached skill level 5 in Earth Magic
  5707 | D:6      | Gained mutation: You have large cloven feet. [potion of
                  | mutation]
  5707 | D:6      | Gained mutation: You are covered in fur. (AC +1) [potion of
                  | mutation]
  5838 | D:6      | Found Oddogol's Armour Shoppe.
  5839 | D:6      | Found Elimas's Jewellery Boutique.
  5841 | D:6      | Found Qigoluc's Assorted Antiques.
  5849 | D:6      | Bought a blue potion for 22 gold pieces
  5849 | D:6      | Bought a viscous grey potion for 22 gold pieces
  5849 | D:6      | Bought a potion of curing for 75 gold pieces
  5955 | D:6      | Reached skill level 5 in Conjurations
  5960 | D:6      | Reached XP level 8. HP: 32/63 MP: 2/18
  6690 | D:6      | Found a staircase to the Ecumenical Temple.
  6719 | Temple   | Entered the Ecumenical Temple
  6936 | D:6      | Reached skill level 5 in Spellcasting
  7451 | D:7      | Reached skill level 6 in Conjurations
  8029 | D:7      | Reached XP level 9. HP: 48/71 MP: 4/21
  8537 | D:6      | Bought a +1 helmet of intelligence for 247 gold pieces
  8894 | D:8      | Reached skill level 1 in Evocations
  9189 | D:8      | Noticed a two-headed ogre
  9195 | D:8      | Killed a two-headed ogre
  9722 | D:8      | Reached skill level 7 in Conjurations
  9978 | D:9      | Learned a level 5 spell: Summon Forest
 10057 | D:9      | Noticed an ice devil
 10135 | D:9      | Killed an ice devil
 10374 | D:9      | Reached skill level 1 in Armour
 10720 | D:9      | Reached skill level 1 in Summonings
 10720 | D:9      | Reached skill level 1 in Translocations
 10726 | D:9      | Learned a level 5 spell: Summon Mana Viper
 10858 | D:9      | Found Usosm's Weapon Boutique.
 11002 | D:9      | Found a runed translucent gate.
 11002 | D:9      | Found a runed translucent gate.
 11002 | D:9      | Found a runed translucent gate.
 11171 | D:9      | Noticed a centaur warrior
 11172 | D:9      | Noticed gimp's ghost (journeyman OnAE)
 11805 | D:10     | Entered Level 10 of the Dungeon
 11810 | D:10     | Reached XP level 10. HP: 80/80 MP: 16/23
 12333 | D:10     | Identified the serpent talisman of an ossuary {rElec rC++}
 12430 | D:10     | Found a staircase to the Lair.
 12710 | Lair:1   | Entered Level 1 of the Lair of Beasts
 12739 | Lair:1   | Noticed Urug
 12747 | Lair:1   | Killed Urug
 12909 | Lair:1   | Reached skill level 1 in Hexes
 13497 | Lair:1   | Noticed Jeremiah
 13663 | Lair:1   | Reached skill level 5 in Summonings
 13693 | Lair:1   | Killed Jeremiah
 14191 | Lair:2   | Noticed Erica
 14329 | Lair:1   | Reached skill level 5 in Fighting
 14329 | Lair:1   | Reached XP level 11. HP: 24/88 MP: 1/24
 14332 | Lair:1   | HP: 3/88 [wyvern (13)]
 14336 | Lair:1   | HP: 1/88 [poisoned by a cane toad]
 14630 | Lair:2   | Killed Erica
 14717 | Lair:2   | Found a staircase to the Shoals.
 14827 | Lair:2   | HP: 3/89 [yak (6)]
 14837 | Lair:2   | HP: 2/90 [poisoned by a water moccasin]
 14838 | Lair:2   | Succumbed to a water moccasin's poison

Illustrated notes

Levels and vault maps discovered:
D:1:      orjb1_clovarrival, layout_basic
D:2:      kennysheep_six_static_rooms, layout_basic,
          hellmonk_ecumenical_altar_blasted, uniq_robin, uniq_terence
D:3:      layout_basic, mainiacjoe_overflow_catwalk,
          gammafunk_temple_overflow_claw, gammafunk_ghost_mausoleum,
          kennysheep_flooded_box, minmay_misc_feat_five, uniq_grinder,
          uniq_sigmund
D:4:      layout_cave_pods, chequers_serial_rivers_small_a, serial_bayou_pond_e,
          minmay_misc_feat_x
D:5:      layout_loops_ring, ebering_ghost_sewer_d
D:6:      layout_basic, mainiacjoe_overflow_alcove_2,
          nicolae_overflow_hidden_temple, minmay_temple_entry_grid,
          mainiacjoe_sewer_entry_somewhere_in_here_1, nicolae_wooded_promenade
D:7:      layout_basic, kennysheep_mini_moat
D:8:      layout_loops_cross
D:9:      minmay_inner_zag, layout_basic, mainiacjoe_overflow_six_doors_small,
          serial_shops, shop, ebering_ghost_gozag,
          nicolae_demonic_statue_gallery
D:10:     layout_small_grid, lair_entry_dummy
Temple:   bh_familiar_temple
Lair:1:   layout_regular_city, serial_bayou_shore_a, grunt_megastairs_3,
          uniq_jeremiah, uniq_urug
Lair:2:   layout_chaotic_city, elwin_shoals_entry_rocks,
          hellmonk_spider_entry_life_and_decay, chequers_serial_rivers_large_a,
          fungi_pond_lemuel, minivault_26, beast_lair_carwin_11, uniq_erica

Skill      XL: |  1  2  3  4  5  6  7  8  9 10 11 |
---------------+----------------------------------+-----
Conjurations   | 1 2 3 5 6 7 |  7.0
Spellcasting   | 2 3 4 5 6 |  6.8
Earth Magic    | 3 4 5 6 |  6.9
Fighting       | 1 2 3 4 5 6 |  6.3
Evocations     | 3 |  3.7
Armour         | 2 |  2.1
Summonings     | 2 6 |  6.1
Translocations | 2 3 |  3.6
Stealth        | 4 |  4.1
Hexes          | 3 |  3.2
Dodging        | |  1.7

Action                     |  1- 3 |  4- 6 |  7- 9 | 10-12 || total
---------------------------+-------+-------+-------+-------++-------
  Melee: Short sword       |     6 |     8 |       |       ||    14
         Dagger            |     1 |       |       |       ||     1
         Quarterstaff      |       |     9 |    52 |    56 ||   117
         Kick              |       |       |    12 |    20 ||    32
   Cast: Sandblast         |    28 |    47 |       |     1 ||    76
         Stone Arrow       |     3 |    33 |   156 |    72 ||   264
         Summon Mana Viper |       |       |       |     5 ||     5
         Summon Forest     |       |       |       |     2 ||     2
  Evoke: Wand              |       |       |    10 |     6 ||    16
    Use: Potion            |     5 |       |     3 |     6 ||    14
         Scroll            |       |       |    11 |     4 ||    15
   Stab: Sleeping          |     1 |       |     1 |       ||     2
 Armour: Robe              |    14 |    49 |    88 |    97 ||   248
  Dodge: Dodged            |    20 |    33 |    78 |    82 ||   213

Table legend: (Time is in decaauts)
 A = Elapsed time spent in this place.
 B = Non-inter-level travel time spent in this place.
 C = Inter-level travel time spent in this place.
 D = Time resting spent in this place.
 E = Time spent auto-exploring this place.
 F = Levels seen in this place.
 G = Mean time per level.
                   A        B        C        D        E       F      G
               +--------+--------+--------+--------+--------+-----+--------+
         Total |  14957 |  14434 |    523 |    444 |  12443 |  13 | 1150.5 |
       Dungeon |  12796 |  12294 |    502 |    277 |  10757 |  10 | 1279.6 |
        Temple |      1 |      1 |      0 |      0 |      0 |   1 |    1.0 |
          Lair |   2158 |   2138 |     20 |    167 |   1686 |   2 | 1079.0 |
               +--------+--------+--------+--------+--------+-----+--------+

Top non-repeatable levels by time:
  Lair:1: 1930 daAuts
     D:9: 1881 daAuts
     D:6: 1875 daAuts
     D:2: 1447 daAuts
     D:7: 1296 daAuts
     D:3: 1189 daAuts
     D:8: 1120 daAuts
     D:5: 1084 daAuts
     D:1: 1027 daAuts
     D:4: 1011 daAuts
    D:10: 862 daAuts
  Lair:2: 228 daAuts
  Temple: 1 daAuts
